 Dungeon Crawl Stone Soup version 0.31-a0-986-g5e6e4ef867 (webtiles) character file.

Game seed: 15425990329335626052

131 sammy202020 the Shield-Bearer (level 4, -1/41 HPs)
             Began as a Minotaur Fighter on Nov 22, 2023.
             Succumbed to an adder's poison
             ... on level 4 of the Dungeon.
             The game lasted 00:02:30 (993 turns).

sammy202020 the Shield-Bearer (Minotaur Fighter)     Turns: 993, Time: 00:02:30

Health: -1/41      AC: 10    Str: 21    XL:     4   Next: 91%
Magic:  3/3        EV:  8    Int:  7    God:
Gold:   105        SH:  4    Dex:  9    Spells: 3/3 levels left

rFire   . . .        a - +0 war axe
rCold   . . .        c - +0 buckler
rNeg    . . .        j - +1 chain mail
rPois   .            (helmet restricted)
rElec   .            (no cloak)
rCorr   .            (no gloves)
SInv    .            (no boots)
Will    .....        b - amulet of regeneration Stlth
                     (no ring)
HPRegen 1.06/turn    (no ring)
MPRegen 0.08/turn

%: no passive effects
@: mighty, lethally poisoned (-1 -> -2)
A: horns 2, retaliatory headbutt
a: no special abilities


You were on level 4 of the Dungeon.
You visited 1 branch of the dungeon, and saw 3 of its levels.

You collected 105 gold pieces.

Inventory:

Hand Weapons
 a - a +0 war axe (weapon)
Armour
 c - a +0 buckler (worn)
 j - a +1 chain mail (worn)
Jewellery
 b - an amulet of regeneration (around neck)
Potions
 e - 3 potions of haste


   Skills:
 * Level 4.5 Fighting
 * Level 3.6 Axes
 * Level 4.5 Armour
 + Level 1.3 Dodging
 * Level 4.5 Shields


You had 3 spell levels left.
You didn't know any spells.
Your spell library contained the following spells:

 Spells                   Type           Power      Damage    Failure   Level
 Cigotuvi's Dreadful Rot  Necr/Pois/Air  0%         N/A       99%         2
 Dispel Undead            Necr           0%         3d6       100%        4
 Death Channel            Necr           0%         N/A       100%        6


Dungeon Overview and Level Annotations

Branches:
Dungeon (2/15)

Altars:


Innate Abilities, Weirdness & Mutations

You have a pair of horns on your head.
You reflexively headbutt those who attack you in melee.


Message History

The adder bites you.
* * * LOW HITPOINT WARNING * * *
You are poisoned.
The adder poisons you! The adder closely misses you.
You miss the adder. You hit the adder.
You feel sick. You block the adder's attack.
A hobgoblin comes into view.
The adder bites you.
* * * LOW HITPOINT WARNING * * *
You are more poisoned.
The adder poisons you! The adder barely misses you. You furiously retaliate!
You headbutt the adder!
You kill the adder!
The adder closely misses you.
You feel very mighty all of a sudden.
You feel very sick. The adder bites you.
* * * LOW HITPOINT WARNING * * *
You are lethally poisoned!
The adder poisons you!
Unknown command.
Okay, then.
You aren't carrying any scrolls.
You slash the howler monkey!
You kill the howler monkey!
You barely miss the adder.
* * * LOW HITPOINT WARNING * * *
You feel very sick.
The adder bites you but does no damage. x2
Unknown command.
You hit the hobgoblin. Your headbutt misses the hobgoblin.
The hobgoblin is heavily wounded.
You miss the adder.
* * * LOW HITPOINT WARNING * * *
You feel sick. The adder bites you but does no damage.
You block the hobgoblin's attack.
You slash the hobgoblin!
You kill the hobgoblin!
You barely miss the adder.
You die...

#.......#######.......##
#.......................
#....##########.......##
##>.....................
#.###########.........#
##'### #.........#
.....# #.........#
.....# ###.#######
.....# #@## .....# #[S#
..#### ##S# ..#
.....S.g....S.. ..###
#...#....####.. ....# #.
#....# ....## #....#
.....# ##.... .....#
#...#


You could see an adder, a hobgoblin and a ball python.

Vanquished Creatures
  A howler monkey (D:4)
  A hound (D:4)
  3 adders
  2 dart slugs (D:1)
  3 orcs (D:4)
  3 ball pythons (D:1)
  An endoplasm (D:4)
  2 giant cockroaches
  4 hobgoblins
  4 jackals (D:1)
  3 bats (D:1)
  3 goblins (D:1)
  A kobold (D:1)
31 creatures vanquished.

Notes
Turn   | Place    | Note
-------+----------+-------------------------------------------
     0 | D:1      | sammy202020 the Minotaur Fighter began the quest for the
                  | Orb.
     0 | D:1      | Reached XP level 1. HP: 19/19 MP: 0/0
   107 | D:1      | Reached XP level 2. HP: 27/27 MP: 1/1
   821 | D:2      | Reached XP level 3. HP: 33/33 MP: 2/2
   833 | D:2      | You fall into a shaft and drop 2 floors!
   987 | D:4      | Reached skill level 1 in Dodging
   987 | D:4      | Reached XP level 4. HP: 12/40 MP: 3/3
   991 | D:4      | HP: 1/41 [poisoned by an adder]
   993 | D:4      | Succumbed to an adder's poison

Illustrated notes

Levels and vault maps discovered:
D:1:      lightli_arrival_statue_moat, layout_basic, minmay_crystal_room,
          nicolae_houndstooth_variations
D:2:      layout_basic
D:4:      minmay_recursive_quarters, layout_basic,
          grunt_temple_overflow_diamond, elyvilon_altar_4, uniq_pikel

Skill      XL: |  1  2  3 |
---------------+----------+-----
Armour         | 4 |  4.5
Shields        | 4 |  4.5
Fighting       | 4 |  4.5
Axes           | 3 |  3.6
Dodging        | 1 |  1.3

Action                     |  1- 3 |  4- 6 || total
---------------------------+-------+-------++-------
  Melee: War axe           |    61 |     6 ||    67
         Headbutt          |     4 |     1 ||     5
    Use: Scroll            |     5 |       ||     5
         Potion            |       |     1 ||     1
 Armour: Scale mail        |    29 |       ||    29
         Chain mail        |    34 |     7 ||    41
  Dodge: Dodged            |    35 |     4 ||    39
  Block: Buckler           |    18 |     2 ||    20

Table legend: (Time is in decaauts)
 A = Elapsed time spent in this place.
 B = Non-inter-level travel time spent in this place.
 C = Inter-level travel time spent in this place.
 D = Time resting spent in this place.
 E = Time spent auto-exploring this place.
 F = Levels seen in this place.
 G = Mean time per level.
                   A        B        C        D        E       F      G
               +--------+--------+--------+--------+--------+-----+--------+
         Total |   1017 |   1017 |      0 |    200 |    582 |   3 |  339.0 |
       Dungeon |   1017 |   1017 |      0 |    200 |    582 |   3 |  339.0 |
               +--------+--------+--------+--------+--------+-----+--------+

Top non-repeatable levels by time:
     D:1: 809 daAuts
     D:4: 166 daAuts
     D:2: 42 daAuts
